 Dungeon Crawl Stone Soup version 0.18.1-48-g4cf74bf (webtiles) character file.

80 atgrul the Digger (level 4, -2/24 HPs)
             Began as a Gargoyle Earth Elementalist on July 4, 2016.
             Slain by Terence
             ... wielding a +0 flail
              (6 damage)
             ... on level 2 of the Dungeon.
             The game lasted 00:06:42 (2450 turns).

atgrul the Digger (Gargoyle Earth Elementalist)     Turns: 2450, Time: 00:06:43

Health: -2/24      AC:  5    Str: 11    XL:     4   Next: 39%
Magic:  7/8        EV: 12    Int: 17    God:
Gold:   94         SH:  0    Dex: 10    Spells: 1 memorised, 8 levels left

rFire  . . .     SeeInvis .     e - +0 short sword
rCold  . . .     Gourm    .     a - +0 robe
rNeg   + . .     Faith    .     (no shield)
rPois  ∞         Spirit   .     (no helmet)
rElec  +         Dismiss  .     (no cloak)
rCorr  .         Reflect  .     (no gloves)
SustAt .         Harm     .     (no boots)
MR     .....                    (no amulet)
Stlth  ++........               (no ring)
                                (no ring)

@: not resistant to hostile enchantments, unstealthy
A: negative energy resistance 1, electricity resistance, unbreathing,
petrification resistance, rot immunity, AC +3
a: no special abilities


You were on level 2 of the Dungeon.
You were hungry.

You visited 1 branch of the dungeon, and saw 3 of its levels.

You collected 94 gold pieces.

Inventory:

Hand Weapons
 e - a +0 short sword (weapon)
Missiles
 b - 73 stones (quivered)
Armour
 a - a +0 robe (worn)
Scrolls
 g - 3 scrolls of identify {unknown}
 i - 3 scrolls of remove curse {unknown}
 j - 2 scrolls of random uselessness {unknown}
 k - 2 scrolls of enchant armour {unknown}
 m - 2 scrolls of recharging {unknown}
Potions
 f - 3 potions of brilliance {unknown}
 h - a potion of heal wounds {unknown}
 l - 2 potions of flight {unknown}
 p - a potion of might {unknown}
 q - a potion of cancellation {unknown}
Books
 c - a book of Geomancy

   Spells                             Type                      Level
   a - Sandblast                      Earth                        1
   b - Passwall                       Transmutation/Earth          2
   c - Stone Arrow                    Conjuration/Earth            3
   d - Petrify                        Transmutation/Earth          4
   e - Lee's Rapid Deconstruction     Earth                        5
Comestibles
 d - 4 fruits
 n - a beef jerky
 o - a bread ration


   Skills:
 - Level 1.5 Dodging
 - Level 2.1 Stealth
 + Level 3.3 Spellcasting
   Level 0.7 Transmutations
 + Level 5.0 Earth Magic


You had 8 spell levels left.
You knew the following spells:

 Your Spells              Type           Power        Failure   Level  Hunger
a - Sandblast             Erth           ###...       2%          1    None


Dungeon Overview and Level Annotations

Branches:
Dungeon (3/15)

Altars:
Cheibriados
Elyvilon
Okawaru

Annotations:
D:2 Terence
D:3 Ijyb


Innate Abilities, Weirdness & Mutations

You are resistant to torment.
Your stone body is resilient (AC +3).
You are immune to poison.
You resist negative energy.
You are resistant to electric shocks.
You can survive without breathing.
You are immune to petrification.
You are immune to rotting.


Message History

The bat hits you.
* * * LOW HITPOINT WARNING * * *
Casting: Sandblast
Confirm with . or Enter, or press ? or * to list all spells.
Aiming: Sandblast
Press: ? - help, Shift-Dir - straight line, f - bat
Aim: a bat The blast of sand hits the bat.
The bat hits you but does no damage. The bat completely misses you.
The bat hits you but does no damage. The bat hits you but does no damage. x2
Casting: Sandblast
Confirm with . or Enter, or press ? or * to list all spells.
Aiming: Sandblast
Press: ? - help, Shift-Dir - straight line, f/p - bat
Aim: a bat The blast of sand hits the bat.
You kill the bat!
Terence hits you with a flail.
You die...

######..).(# #.#.# #....r.r...
...........###.#.######...♣._.♣..
..)..........# #..._..#..........
.............# #......#.#≈..♣..≈#
#########....# #......#.#≈≈...≈≈#
# #....# #...####.###.[.### ###
#....# #.#.# #......## ..####
#....# #@#.## #.###### .....#
##'### #@#..# #.# .....# #.#
#[##†# #.# .....# #.# #.##.# #.#
.....# #.# #.##.###.# .....# #.#
#.##..##.# .....#####.#
#.###.##.# .....#.≈≈≈.# #.#
#..#b# ......≈≈≈≈≈## #.# ##.#.#
......≈≈.≈≈_# #.# #...#


You could see Terence.

Vanquished Creatures
  3 adders (D:2)
  An ooze (D:1)
  2 dart slugs
  A giant gecko (D:1)
  6 bats
  8 goblins
  5 hobgoblins
  2 quokkas
  3 ball pythons
  3 giant newts
  7 kobolds
  6 rats
47 creatures vanquished.

Vanquished Creatures (others)
  A quokka (D:2)
1 creature vanquished.

Grand Total: 48 creatures vanquished

Notes
Turn   | Place    | Note
--------------------------------------------------------------
     0 | D:1      | atgrul the Gargoyle Earth Elementalist began the quest for the Orb.
     0 | D:1      | Reached XP level 1. HP: 10/10 MP: 3/3
   249 | D:1      | Reached skill level 4 in Earth Magic
   456 | D:1      | Reached XP level 2. HP: 15/15 MP: 3/5
   963 | D:1      | Reached XP level 3. HP: 19/19 MP: 3/6
  1961 | D:2      | Found a snail-covered altar of Cheibriados.
  2080 | D:2      | Reached XP level 4. HP: 24/24 MP: 6/8
  2108 | D:2      | Found an iron altar of Okawaru.
  2142 | D:2      | Found a white marble altar of Elyvilon.
  2322 | D:2      | Noticed Terence
  2331 | D:2      | Reached skill level 5 in Earth Magic
  2430 | D:3      | Noticed Ijyb
  2450 | D:2      | Slain by Terence

Skill      XL: |  1  2  3  4 |
---------------+-------------+-----
Earth Magic    | 4 5 |  5.0
Spellcasting   | 3 |  3.3
Dodging        | |  1.5
Stealth        | |  2.1
Transmutations | |  0.7

Action                   |  1- 3 |  4- 6 || total
-------------------------+-------+-------++-------
Melee: Short sword       |    80 |    19 ||    99
       Unarmed           |     5 |       ||     5
 Cast: Sandblast         |    41 |    16 ||    57
  Eat: Bread ration      |     1 |       ||     1
Armor: Robe              |    36 |    38 ||    74
Dodge: Dodged            |    87 |    57 ||   144
